cohdb
Replays
Latest Replays
All Replays
Popular Replays
Top Player Replays
Match Explorer
How It Works
Community
CoH3 Stats
Reddit
Sign in to upload your games and track your stats! →
Sign in with Steam
Match 42625674
Unlisted
Match 42625674
Overview
Messages
Build Orders
End
Royal Engineer Section
Construct Section Command Post
Selects Canadian Shock Battlegroup
Dingo Light Scout Car
Infantry Section
Infantry Section
Construct Platoon Command Post
Humber Armored Car
Infantry Section
Selects Attacking Spirit
Selects Canadian Shock Section
Selects Incendiary Munitions
Infantry Training
6-pounder Anti-tank Gun Team
Unlock Bishop Self-propelled Artillery
Selects Pyrotechnics
Bishop Self-propelled Artillery
Canadian Shock Section
Construct Company Command Post
Selects Churchill Crocodile Heavy Tank
Crusader II Medium Tank
Foot Guards Section
Crusader II Medium Tank
Selects Smoke Operation
Smoke Operation
Infantry Section
Smoke Operation
Infantry Section
Grenade Package
Churchill Crocodile Heavy Tank
Smoke Operation
Crusader II Medium Tank
Crusader II Medium Tank
Smoke Operation
Royal Engineer Section
Smoke Operation
Agua de Jamaica
Dad.ergo
Darth Ruiz
PanzerJonny™
Hovzi
Vest
0
0
Comments
sign in to comment!
No comments posted yet!